 Dungeon Crawl Stone Soup version 0.32-a0-975-g85d4e5bfdb (webtiles) character file.

Game seed: 12671410334057801747

1406797 retardedninja the Conqueror (level 27, 170/224 HPs)
             Began as a Coglin Fighter on Apr 17, 2024.
             Was the Champion of Hepliaklqana.
             Escaped with the Orb
             ... and 3 runes on Apr 18, 2024!
             The game lasted 02:54:31 (122370 turns).

retardedninja the Conqueror (Coglin Fighter)      Turns: 122370, Time: 02:54:32

Health: 170/224    AC: 47    Str: 31    XL:     27
Magic:  27/31      EV: 11    Int:  7    God:    Hepliaklqana [******]
Gold:   7955       SH:  4    Dex: 12    Spells: 26/26 levels left

rFire   + + +        O - +6 broad axe of Valour {speed, rElec rF+}
rCold   + + .        J - +3 broad axe (heavy) {Henutemipet}
rNeg    . . .        E - +12 gold dragon scales
rPois   +            S - +2 helmet
rElec   +            a - +0 cloak {Will+}
rCorr   +            o - +3 Mad Mage's Maulers {Infuse+∞ VampMP -Cast}
SInv    .            n - +2 pair of boots {Fly}
Will    +++..        (amulet unavailable) Stlth
                     (ring unavailable)
HPRegen 0.57/turn    (ring unavailable)
MPRegen 0.22/turn    C
                       - NW-00 cryosamoflange {RevParry, rPois rF+ rCorr}

%: no spellcasting, clarity, infuse magic (27 MP)
@: flying, studying 2 skills
A: reduced essence, off-hand wielding, slow wielding, warmup strikes, no
jewellery, large bone plates 1, clarity, clumsy 1, cold resistance 1, deformed
body, shaggy fur 1, MP-powered wands
0: Orb of Zot
}: 3/15 runes: barnacled, slimy, gossamer
a: Renounce Religion, Recall Ancestor, Ancestor Identity, Transference, Idealise


You escaped.
You worshipped Hepliaklqana.
Hepliaklqana was exalted by your worship.
You visited 13 branches of the dungeon, and saw 56 of its levels.
You visited the Abyss 1 time.

You collected 9117 gold pieces.
You spent 1162 gold pieces at shops.

Inventory:

Hand Weapons
 d - a +3 war axe of flaming {Kun}
 J - a +3 heavy broad axe (offhand) {Henutemipet}
 O - the +6 broad axe of Valour (weapon) {speed, rElec rF+}
   (You took it off an orc warlord on level 1 of the Depths)

   rF+:       It protects you from fire.
   rElec:     It insulates you from electricity.
Missiles
 r - 25 javelins
 s - 3 throwing nets
 P - 11 silver javelins (quivered)
Armour
 a - a +0 cloak of willpower (worn)
 n - a +2 pair of boots of flying (worn)
 o - the +3 Mad Mage's Maulers (worn) {Infuse+∞ VampMP -Cast}
   (You found it on level 8 of the Dungeon)

   Infuse+∞: It empowers its wearer's blows with all of their magic.
   VampMP:    Blows struck in melee replenish the wearer's magic.
   -Cast:     It prevents spellcasting.
 E - +12 gold dragon scales (worn)
 S - a +2 helmet (worn)
Gizmo
 C - a NW-00 cryosamoflange (installed) {RevParry, rPois rF+ rCorr}
   (You invented it yourself on level 12 of the Dungeon)

   [NW-00 cryosamoflange]

   RevParry:  Your AC increases as you Rev (up to +5) and while fully Revved,
   your attacks may disarm enemies.
   rF+:       It protects you from fire.
   rPois:     It protects you from poison.
   rCorr:     It protects you from acid and corrosion.
Wands
 e - a wand of flame (207)
 f - a wand of acid (12)
 i - a wand of polymorph (31)
 q - a wand of charming (67)
 x - a wand of roots (37)
 z - a wand of digging (27)
 U - a wand of mindburst (37)
Scrolls
 g - 9 scrolls of fog
 l - 3 scrolls of silence
 m - 11 scrolls of teleportation
 v - 8 scrolls of vulnerability
 y - 4 scrolls of identify
 D - 5 scrolls of fear
 F - 4 scrolls of torment
 I - 3 scrolls of immolation
 M - 14 scrolls of amnesia
 R - 3 scrolls of poison
 V - a scroll of enchant armour
Potions
 b - 3 potions of magic
 c - 8 potions of brilliance
 h - 5 potions of resistance
 j - 6 potions of attraction
 k - 9 potions of ambrosia
 p - 2 potions of invisibility
 t - 8 potions of mutation
 u - 3 potions of haste
 w - 7 potions of might
 B - 4 potions of enlightenment
 H - 7 potions of lignification
 K - 2 potions of berserk rage
 Q - 11 potions of curing
 T - a potion of experience
 W - 2 potions of cancellation
Miscellaneous
 G - a box of beasts
 L - a phantom mirror


   Skills:
 O Level 27 Fighting
 - Level 21.8 Axes
 + Level 20.1 Throwing
 + Level 23.8 Armour
 - Level 12.2 Dodging
 - Level 2.2 Shields
 - Level 11.5 Invocations


You had 26 spell levels left.
You didn't know any spells.
Your spell library contained the following spells:

 Spells                   Type           Power      Damage    Failure   Level
 Foxfire                  Conj/Fire      0%         2x1d4     97%         1
 Kiss of Death            Conj/Necr      0%         2d5       97%         1
 Magic Dart               Conj           0%         1d3       97%         1
 Shock                    Conj/Air       0%         1d3       97%         1
 Blink                    Tloc           0%         N/A       99%         2
 Call Imp                 Summ           0%         N/A       99%         2
 Cigotuvi's Dreadful Rot  Necr/Alch/Air  0%         N/A       99%         2
 Ensorcelled Hibernation  Hex/Ice        0%         N/A       99%         2
 Lesser Beckoning         Tloc           0%         N/A       99%         2
 Mercury Vapours          Alch/Air       0%         N/A       99%         2
 Momentum Strike          Conj/Tloc      0%         3d8       99%         2
 Searing Ray              Conj           0%         2d4       99%         2
 Static Discharge         Conj/Air       0%         3-3/arc   99%         2
 Call Canine Familiar     Summ           0%         N/A       100%        3
 Confusing Touch          Hex            0%         N/A       100%        3
 Dazzling Flash           Conj/Hex       0%         N/A       100%        3
 Frozen Ramparts          Ice            0%         1d1       100%        3
 Fugue of the Fallen      Necr           0%         N/A       100%        3
 Hailstorm                Conj/Ice       0%         3d5       100%        3
 Inner Flame              Hex/Fire       0%         N/A       100%        3
 Mephitic Cloud           Conj/Alch/Air  0%         N/A       100%        3
 Ozocubu's Armour         Ice            0%         N/A       100%        3
 Passwall                 Erth           0%         N/A       100%        3
 Sigil of Binding         Hex            0%         N/A       100%        3
 Stone Arrow              Conj/Erth      0%         3d7       100%        3
 Summon Ice Beast         Ice/Summ       0%         N/A       100%        3
 Swiftness                Air            0%         N/A       100%        3
 Tukima's Dance           Hex            0%         N/A       100%        3
 Airstrike                Air            0%         2d(0-16)  100%        4
 Anguish                  Hex/Necr       0%         N/A       100%        4
 Animate Armour           Summ/Erth      0%         N/A       100%        4
 Brom's Barrelling Bould  Conj/Erth      0%         2d3       100%        4
 Dimensional Bullseye     Hex/Tloc       0%         N/A       100%        4
 Dispel Undead            Necr           0%         3d6       100%        4
 Fulminant Prism          Conj/Alch      0%         3d5       100%        4
 Ignite Poison            Fire/Alch      0%         N/A       100%        4
 Iskenderun's Mystic Bla Conj/Tloc 0%             2d3        (+2d1     100%        4
 Martyr's Knell           Necr/Summ      0%         N/A       100%        4
 Olgreb's Toxic Radiance  Alch           0%         N/A       100%        4
 Passage of Golubria      Tloc           0%         N/A       100%        4
 Summon Blazeheart Golem  Fire/Summ      0%         N/A       100%        4
 Summon Lightning Spire   Summ/Air       0%         N/A       100%        4
 Alistair's Intoxication  Alch           0%         N/A       100%        5
 Arcjolt                  Conj/Air       0%         1d10      100%        5
 Borgnjor's Vile Clutch   Necr/Erth      0%         N/A       100%        5
 Fireball                 Conj/Fire      0%         3d3       100%        5
 Freezing Cloud           Conj/Ice/Air   0%         6-21      100%        5
 Irradiate                Conj/Alch      0%         3d11      100%        5
 Iskenderun's Battlesphe  Conj           0%         2d6       100%        5
 Metabolic Englaciation   Hex/Ice        0%         N/A       100%        5
 Silence                  Hex/Air        0%         N/A       100%        5
 Summon Forest            Summ/Tloc      0%         N/A       100%        5
 Summon Mana Viper        Hex/Summ       0%         N/A       100%        5
 Yara's Violent Unravell  Hex/Alch       0%         3d3       100%        5
 Conjure Ball Lightning   Conj/Air       0%         3x3d6     100%        6
 Dispersal                Tloc           0%         N/A       100%        6
 Eringya's Noxious Bog    Alch           0%         4d6       100%        6
 Gell's Gavotte           Tloc           0%         2d(11-16) 100%        6
 Permafrost Eruption      Ice/Erth       0%         2x4d1     100%        6
 Plasma Beam              Fire/Air       0%         2x1d10    100%        6
 Sculpt Simulacrum        Ice/Alch       0%         N/A       100%        6
 Starburst                Conj/Fire      0%         6d3       100%        6
 Summon Cactus Giant      Summ           0%         N/A       100%        6
 Manifold Assault         Tloc           0%         N/A       100%        7
 Orb of Destruction       Conj           0%         9d5       100%        7
 Ozocubu's Refrigeration  Ice            0%         4d7       100%        7
 Seismic Cannonade        Alch/Erth      0%         6d4       100%        7
 Spellforged Servitor     Conj/Summ      0%         N/A       100%        7
 Summon Hydra             Summ           0%         N/A       100%        7
 Discord                  Hex            0%         N/A       100%        8
 Disjunction              Tloc           0%         N/A       100%        8
 Ignition                 Fire           0%         3d3       100%        8
 Lehudib's Crystal Spear  Conj/Erth      0%         10d2      100%        8
 Maxwell's Capacitive Co  Air            0%         ∞         100%        8
 Polar Vortex             Ice            0%         N/A       100%        9


Dungeon Overview and Level Annotations

Branches:
Dungeon (15/15)            Temple (1/1) D:4            Lair (5/5) D:8
 Shoals (4/4) Lair:3       Spider (4/4) Lair:3        Slime (5/5) Lair:5
    Orc (2/2) D:9             Elf (3/3) Orc:2        Vaults (4/5) D:14
  Crypt (3/3) Vaults:2       Tomb (0/3) Crypt:3      Depths (4/4) D:15
   Hell (visited)             Dis (0/7) Hell            Geh (0/7) Hell
    Coc (0/7) Hell            Tar (0/7) Hell            Zot (5/5) Depths:4

Altars:
Ashenzari
Cheibriados
Dithmenos
Elyvilon
Fedhas
Gozag
Hepliaklqana
Kikubaaqudgha
Makhleb
Nemelex Xobeh
Okawaru
Qazlal
Ru
Sif Muna
Trog
Uskayaw
Vehumet
Wu Jian
Xom
Yredelemnul
Zin
The Shining One
Beogh
Jiyva
Lugonu

Shops:
D:2 !   D:14 [   Orc:2 =*?([   Shoals:3 *   Shoals:4 :   Vaults:1 *
Depths:1 =:=   Depths:3 (([

Portals:
Hell: Depths:1 Depths:2 Depths:3 Depths:4
Abyss: Depths:3 Depths:4
Pandemonium: Depths:2 Depths:3
Ziggurat: Depths:3
Trove: D:13 (lose all piety)

Annotations:
D:6 3 runed translucent doors, dogverified's ghost, novice OpSh
D:7 1 runed translucent door
D:13 4 transporters
Lair:1 1 runed translucent door, Acoak's ghost, journeyman DgEE
Shoals:1 2 transporters, exclusions: oklob plant and orange crystal statue
Depths:3 3 runed translucent doors


Innate Abilities, Weirdness & Mutations

Your life essence is reduced to manifest your ancestor. (-10% HP)
You can wield a second weapon in your off-hand.
It takes a long time for you to wield or remove held weapons.
Your first few attacks do less damage.
You cannot equip rings or amulets.
You are partially covered in large bone plates. (SH +4)
You possess an exceptional clarity of mind.
You are clumsy. (Dex -2)
Your flesh is cold resistant. (rC+)
Armour fits poorly on your strangely shaped body.
You are covered in fur. (AC +1)
You expend magic power (3 MP) to strengthen your wands.


Message History

Level annotation: 3 runed translucent doors, dogverified's ghost, novice OpSh An Orb Guardian comes into view.
The Orb Guardian closely misses you.
You slice the Orb Guardian like a ripe choko with the +6 broad axe of Valour!!!
The Orb Guardian is heavily wounded.
You miss the Orb Guardian with your +3 heavy broad axe.
The Orb Guardian hits you but does no damage.
The Orb Guardian hits you.
You closely miss the Orb Guardian with your +3 heavy broad axe.
The Orb Guardian is heavily wounded.
You slash the Orb Guardian with the +6 broad axe of Valour!
The Orb Guardian hits you.
Okay, then.
You slice the Orb Guardian with the +6 broad axe of Valour!!
The Orb Guardian is almost dead.
You open the Orb Guardian like a pillowcase with your +3 heavy broad axe!!!
You kill the Orb Guardian!
You feel your strength returning.
Dogverified's ghost turns its malevolent gaze towards you.
There is a stone staircase leading up here.
You fly upwards.
There is a stone staircase leading down here.
There is a stone staircase leading up here.
You fly upwards.
There is a stone staircase leading down here.
There is a stone staircase leading up here.
You fly upwards.
There is a stone staircase leading down here.
There is a stone staircase leading up here.
You fly upwards.
There is a stone staircase leading down here.
There is a stone staircase leading up here.
You fly upwards.
There is a stone staircase leading down here.
There is an open door here.
You see here 4 stones.
There is a large open door here.
There is an open door here.
There is a staircase leading out of the dungeon here.
You have escaped!

.# #.........###.###........#.##
.# ####'#....# #.# #........#...
.#######.#....# #.# #........###.
†........#....# #.# #........# #.
##########.######.###........# #.
#.#.......###'#####.# ##
##########.#...........# #.# #
.........#.#..##############.####
##.#####.#...###@#ß#÷#ß#÷###[....
#.# #.#.#.#ß#'#.#+#.#+#ß##.##.
#.# #.###.'.............'..##.
#.# #.# #.'.............'.###.
#.# #.###.#ß#'#.#+#.#+#ß### #.
#.# #.....###÷#ß#÷#ß#÷### #.
#.#########.############## #.
#...........# #. ###########.# #.


There were no monsters in sight!

Vanquished Creatures
  the Royal Jelly (Slime:5)
  Frederick (Vaults:4)
  4 dread liches (Zot:5)
  4 ancient liches
  4 orbs of fire
  A juggernaut (Depths:4)
  Bai Suzhen (Vaults:4)
  Boris (twice) (Vaults:4 Crypt:3)
  Parghit (Depths:4)
  Vv (Zot:2)
  3 Killer Klowns
  Margery (Crypt:1)
  A caustic shrike (Depths:3)
  2 curse toes
  4 golden dragons
  A profane servitor (Crypt:3)
  Jory (Vaults:2)
  5 bone dragons
  A Tzitzimitl (Depths:3)
  3 electric golems
  An iron giant (Hell)
  Mlioglotl (Shoals:4)
  26 Orb Guardians
  5 liches
  9 tentacled monstrosities
  A searing wretch (Crypt:1)
  3 sphinxes
  A walking divine tome (Depths:3)
  6 quicksilver dragons
  2 krakens
  2 deep elf blademasters (Elf:3)
  A deep elf master archer (Elf:3)
  6 ancient champions
  5 death cobs
  10 acid blobs
  2 tentacled starspawn (Abyss:3)
  6 storm dragons
  2 tengu reavers (Depths:2)
  11 rockslimes
  3 shadow dragons
  Donald (Elf:3)
  9 azure jellies
  4 protean progenitors
  Aizul (Shoals:3)
  6 revenants
  7 draconian monks
  7 frost giants
  Ilsuiw (Shoals:2)
  A draconian knight (Zot:4)
  5 fire giants
  12 vault wardens
  4 deep elf elementalists (Elf:3)
  4 ghost moths
  2 juggernaut zombies (Depths:4)
  2 balrugs (Depths:1)
  A draconian shifter (Zot:5)
  2 emperor scorpions
  2 iron dragons (Depths:2)
  2 draconian scorchers
  21 ironbound preservers
  3 angels (Zot:3)
  5 draconian stormcallers
  2 orc warlords
  2 caustic shrike zombies (Depths:4)
  A curse skull (Crypt:1)
  11 quicksilver oozes
  A spectral caustic shrike (Depths:3)
  A spriggan defender (Depths:2)
  5 draconian annihilators
  2 spectral juggernauts (Crypt:2)
  5 broodmothers
  5 formless jellyfish
  5 reapers (Hell)
  2 caustic shrike skeletons
  11 very ugly things
  4 ghouls
  3 deep elf demonologists (Elf:3)
  8 stone giants
  8 vampire knights
  5 black draconians
  7 ironbound thunderhulks
  11 green draconians
  6 purple draconians
  A deep elf annihilator (Elf:3)
  8 deep elf death magi
  6 white draconians
  5 starcursed masses (Abyss:3)
  2 lorocyprocas (Hell)
  5 dire elephants
  7 spark wasps
  A war gargoyle (Vaults:4)
  3 blizzard demons
  Snorg (Orc:2)
  6 red draconians
  2 iron golems (Hell)
  2 eidola (Crypt:2)
  2 quicksilver dragon zombies
  A yellow draconian (Zot:4)
  7 ettins
  6 merfolk impalers
  5 merfolk javelineers
  4 entropy weavers
  A crystal guardian (Vaults:4)
  5 fire dragons
  16 jiangshi
  4 spriggan zombies
  6 rakshasas
  A ragged hierophant (Elf:1)
  3 yaktaur captains
  9 great orbs of eyes
  2 hell beasts
  2 ice dragons
  3 merfolk avatars
  A sphinx zombie (Depths:4)
  3 hydras
  An ogre mage (Orc:2)
  8 centaur warriors
  3 peacekeepers
  4 merfolk aquamancers (Shoals:4)
  A death knight (Crypt:3)
  10 ironbound frosthearts
  5 radroaches
  16 dancing weapons
  3 deep troll shamans
  10 two-headed ogres
  2 death yaks (Lair:4)
  An alligator snapping turtle (Shoals:4)
  2 satyrs
  2 tengu warriors
  An orc high priest (Elf:2)
  7 deep troll earth magi
  8 boulder beetles
  6 vampire magi
  5 demonic crawlers
  2 spriggan berserkers
  An occultist (D:15)
  A titan zombie (Depths:4)
  A hell hog (Zot:4)
  A thrashing horror (Abyss:3)
  A storm dragon zombie (Depths:4)
  4 sun demons
  7 soul eaters
  7 deep elf knights
  5 hell knights
  2 skysharks
  A titan skeleton (Hell)
  A wretched star (Abyss:3)
  4 shadow wraiths
  2 sixfirhies
  4 iron trolls
  2 spectral bunyips (Crypt:2)
  31 skeletal warriors
  4 pharaoh ants
  A goliath frog (Zot:3)
  2 spriggan druids (Elf:1)
  A quicksilver dragon simulacrum (Hell)
  4 glowing orange brains
  6 bog bodies
  An orb spider (shapeshifter) (Depths:3)
  2 shadow demons
  The ghost of inkslinger the Mimic, a novice MfSh of Dithmenos (D:7)
  2 deep elf archers
  12 sea snakes
  A bunyip zombie (Hell)
  2 sun moths
  4 tengu zombies (Depths:4)
  63 deep trolls
  6 orb spiders
  9 ironbound convokers
  6 arcanists
  3 golden dragon zombies
  4 steelbarb worms
  3 flayed ghosts
  A golden dragon skeleton (Crypt:1)
  5 orc knights
  2 shadow dragon zombies (Depths:4)
  A thermic dynamo (Elf:1)
  14 lindwurms
  13 deep elf pyromancers
  A fenstrider witch simulacrum (Crypt:2)
  An iron dragon zombie (Hell)
  2 phantasmal warriors
  18 deep elf zephyrmancers
  20 ugly things
  21 wolf spiders
  5 large abominations
  2 wolf spider zombies
  29 harpies
  4 necromancers
  3 orc sorcerers
  3 tengu skeletons (Vaults:2)
  11 cyclopes
  11 manticores
  3 shining eyes
  9 fauns
  4 meliai
  9 merfolk sirens
  2 human skeletons (Vaults:2)
  A moth of wrath (shapeshifter) (Elf:1)
  A titan simulacrum (Crypt:3)
  22 moths of wrath
  8 elephants
  11 vault sentinels
  2 water nymphs
  8 smoke demons
  A black mamba (shapeshifter) (D:14)
  3 eyes of devastation
  An orange demon (Abyss:3)
  4 black mambas
  7 torpor snails
  2 rust devils
  14 cane toads
  A catoblepas zombie (Crypt:1)
  2 gargoyles
  A rime drake (Lair:3)
  A centaur skeleton (D:15)
  6 komodo dragons
  A naga skeleton (Crypt:1)
  3 hellions (Zot:3)
  3 tengu conjurers
  An unseen horror (D:11)
  2 spectral nagas (Crypt:2)
  An efreet (D:15)
  6 freezing wraiths
  An ice devil (Depths:1)
  22 yaktaurs
  10 trolls
  An ancient zyme (Abyss:3)
  A yaktaur skeleton (Vaults:2)
  5 wind drakes
  2 polar bears
  25 tarantellas
  3 tyrant leeches (Lair:5)
  32 blink frogs
  32 merfolk
  26 jumping spiders
  A polar bear (shapeshifter) (D:15)
  Prince Ribbit (D:5)
  A glass eye (Slime:5)
  2 hornets
  Grinder (D:5)
  2 stone giant simulacra
  2 harpy skeletons
  9 snapping turtles
  2 saltlings (Elf:1)
  6 dream sheep
  58 slime creatures
  19 culicivoras
  A centaur simulacrum (D:12)
  3 shadows
  52 yaks
  3 fire bats (Abyss:3)
  6 wyverns
  2 elf skeletons
  12 water elementals
  7 wraiths
  3 wargs
  A vampire (D:10)
  A fire elemental (Elf:3)
  2 basilisks
  Eustachio (D:4)
  A redback simulacrum (D:15)
  A steam dragon (D:8)
  A neqoxec (Abyss:3)
  33 redbacks
  9 vampire mosquitoes
  3 chaos spawn
  Menkaure (D:4)
  A wind drake skeleton (Crypt:1)
  A small abomination (Crypt:3)
  6 glowing shapeshifter zombies (Depths:4)
  Edmund (D:4)
  A hell hound (D:13)
  An acid dragon (D:9)
  9 water moccasins
  A glowing shapeshifter skeleton (Vaults:2)
  20 laughing skulls
  14 orc warriors
  The ghost of markshark the Poker, an amateur MiBe of Trog (D:3)
  2 black bears
  2 ice beasts
  7 wolves (Lair:4)
  18 ogres
  11 centaurs
  A phantom (D:4)
  A kobold brigand (D:7)
  16 bullfrogs
  A draconian zombie (Crypt:1)
  3 earth elementals
  A gnoll sergeant (D:8)
  2 scorpions
  7 wights
  3 burial acolytes (Crypt:3)
  7 killer bees (D:9)
  A swamp dragon simulacrum (Crypt:1)
  4 howler monkeys
  17 orc priests
  A bombardier beetle (D:5)
  2 hounds
  2 jellies (D:6)
  2 sleepcaps
  A basilisk skeleton (Crypt:2)
  A gnoll bouda (D:7)
  2 iguanas (D:5)
  16 orc wizards
  2 hell rats
  10 gnolls
  9 adders
  A shadow imp (D:6)
  3 white imps
  An ufetubus (Vaults:2)
  A dart slug (D:2)
  2 ribbon worms (D:2)
  59 orcs
  A bat skeleton (Crypt:2)
  5 endoplasms
  5 giant cockroaches
  3 hobgoblins
  3 jackals (D:4)
  2 quokkas (D:3)
  8 ball pythons
  5 bats
  A frilled lizard (D:1)
  7 goblins
  A goblin zombie (Crypt:2)
  A jackal skeleton (D:7)
  11 kobolds
  3 rats (D:2)
  3 aspiring fleshes
  A butterfly (Zot:3)
  3 starspawn tentacles
  12 tentacles
1855 creatures vanquished.

Vanquished Creatures (collateral kills)
  2 ancient liches (Zot:5)
  An orb of fire (Zot:5)
  3 Killer Klowns
  Saint Roka (Elf:3)
  Geryon (Hell)
  Nikola (Spider:3)
  4 golden dragons
  3 tentacled monstrosities
  2 liches
  5 Orb Guardians
  2 quicksilver dragons
  An ancient champion (Hell)
  2 sphinxes
  4 acid blobs
  2 death cobs (Zot:2)
  A shadow dragon (Zot:1)
  4 storm dragons
  2 tengu reavers (Depths:3)
  A protean progenitor (Zot:3)
  3 rockslimes
  2 draconian monks
  3 fire giants
  A vault warden (Vaults:3)
  2 azure jellies (Slime:5)
  A deep elf sorcerer (Elf:3)
  A draconian scorcher (Zot:5)
  A frost giant (Depths:3)
  An emperor scorpion (Spider:4)
  2 deep elf elementalists (Elf:3)
  3 ghost moths
  A draconian shifter (Zot:2)
  2 draconian stormcallers
  An angel (Zot:3)
  3 spectral caustic shrikes
  A spriggan defender (Depths:1)
  4 formless jellyfish
  A cacodemon (Depths:1)
  An ironbound preserver (Vaults:2)
  A quicksilver ooze (Slime:5)
  A reaper (Hell)
  An ironbound thunderhulk (Vaults:3)
  4 broodmothers (Spider:4)
  2 stone giants
  3 draconian annihilators
  8 vampire knights
  6 very ugly things
  3 green draconians
  2 deep elf demonologists (Elf:3)
  3 deep elf death magi (Elf:3)
  4 yellow draconians
  3 black draconians
  A red draconian (Zot:5)
  A dire elephant (Vaults:2)
  A wendigo (Hell)
  An eidolon (Crypt:2)
  An iron golem (Hell)
  4 deep elf annihilators (Elf:3)
  2 ettins (Depths:2)
  3 merfolk impalers
  6 purple draconians
  6 jiangshi
  3 fire dragons
  A deep elf high priest (Elf:3)
  2 entropy weavers
  2 yaktaur captains
  2 rakshasas
  2 great orbs of eyes
  A spriggan zombie (Depths:4)
  An ogre mage (Orc:2)
  An ice dragon (Depths:4)
  An ironbound frostheart (Vaults:3)
  4 spriggan air magi
  2 jorogumos
  2 radroaches
  A hell beast (Crypt:2)
  3 boulder beetles
  2 spectral stone giants (Crypt:2)
  A caustic shrike simulacrum (Crypt:3)
  5 dancing weapons
  2 two-headed ogres
  A satyr (Shoals:2)
  A death knight (Crypt:3)
  3 deep troll shamans (Depths:3)
  A tengu warrior (Depths:1)
  3 deep troll earth magi
  A hell hog (Zot:5)
  2 vampire magi (Crypt:2)
  3 spriggan berserkers
  A demonic crawler (Spider:1)
  2 thrashing horrors (Abyss:3)
  3 soul eaters (Hell)
  A sun demon (Hell)
  A shock serpent (shapeshifter) (Elf:1)
  2 deep elf knights (Elf:2)
  An occultist (Depths:1)
  4 hell knights
  A goliath frog (Zot:3)
  A wretched star (Abyss:3)
  3 iron trolls
  15 deep trolls
  2 shadow wraiths
  3 glowing orange brains
  10 skeletal warriors
  2 flayed ghosts (Crypt:2)
  An arcanist (Vaults:1)
  A sun moth (Spider:3)
  3 deep elf archers
  6 orb spiders
  A tengu zombie (Depths:4)
  4 harpies
  A lindwurm (Vaults:2)
  A steelbarb worm (Spider:3)
  6 necromancers
  A deep elf zephyrmancer (Elf:2)
  A thermic dynamo (Elf:3)
  An ironbound convoker (Vaults:3)
  2 phantasmal warriors (Crypt:2)
  5 wolf spiders
  A shining eye (Slime:3)
  5 deep elf pyromancers
  13 ugly things
  7 fauns
  3 manticores
  8 moths of wrath
  A fire giant skeleton (Crypt:2)
  A cyclops (Shoals:4)
  A shining eye (shapeshifter) (Depths:3)
  A human skeleton (Vaults:2)
  A dire elephant zombie (Crypt:3)
  2 rust devils (Hell)
  4 elephants
  2 merfolk sirens (Shoals:2)
  A meliai (D:15)
  A black mamba (Lair:5)
  A molten gargoyle (Hell)
  An eye of devastation (shapeshifter) (Elf:1)
  A water nymph (Shoals:4)
  A cane toad (Lair:5)
  2 smoke demons (Hell)
  2 vault sentinels
  3 torpor snails
  An eye of devastation (Slime:5)
  2 large abominations (Abyss:3)
  4 yaktaurs
  An unseen horror (D:11)
  A dire elephant skeleton (Crypt:2)
  A komodo dragon (D:8)
  An unseen horror (shapeshifter) (Elf:3)
  A yellow draconian zombie (Crypt:1)
  2 freezing wraiths
  2 rime drakes
  A spectral harpy (Crypt:2)
  A tengu conjurer (Depths:4)
  A troll (Orc:2)
  2 red devils
  10 merfolk
  6 tarantellas
  A shadow dragon simulacrum (Crypt:2)
  A wind drake (Shoals:3)
  A hornet (D:8)
  A raiju (shapeshifter) (Depths:3)
  A raiju (Abyss:3)
  A harpy skeleton (Crypt:2)
  13 jumping spiders
  11 blink frogs
  A snapping turtle (Shoals:3)
  2 dream sheep (Shoals:3)
  6 culicivoras
  3 water elementals
  2 shadows (Crypt:3)
  A satyr skeleton (Crypt:2)
  36 slime creatures
  A centaur simulacrum (Crypt:2)
  A wraith (Crypt:3)
  A basilisk (D:14)
  12 yaks
  A fire bat (Abyss:3)
  2 golden eyes (Slime:5)
  A steam dragon (D:6)
  A neqoxec (Abyss:3)
  6 starcursed masses (Abyss:3)
  15 redbacks
  A vampire mosquito (D:14)
  3 water moccasins
  An ice beast (D:5)
  A black bear (Lair:3)
  5 orc warriors
  8 laughing skulls
  2 ogres (Orc:2)
  2 wolves (Lair:4)
  A centaur (D:15)
  A phantom (D:6)
  2 brain worms (Abyss:3)
  2 bullfrogs (Lair:5)
  A scorpion (D:6)
  2 small abominations (Abyss:3)
  A burial acolyte (Crypt:3)
  4 wights
  A killer bee (D:9)
  A shapeshifter zombie (Crypt:1)
  2 howler monkeys (D:9)
  5 electric eels
  An iron imp (Abyss:3)
  A jelly (Abyss:3)
  2 orc priests (D:9)
  A sleepcap (D:6)
  4 orc wizards
  A hell rat (Depths:1)
  2 gnolls
  A shadow imp (D:7)
  3 ufetubi (Abyss:3)
  25 orcs
  2 goblins (D:9)
  3 kobolds (D:7)
  4 butterflies
  A tentacle (Shoals:2)
601 creatures vanquished.

Vanquished Creatures (others)
  A storm dragon (Zot:4)
  A cacodemon (Depths:1)
  A white draconian (Depths:4)
  A two-headed ogre (D:9)
  A hell knight (Hell)
  A deep elf knight (Elf:2)
  A large abomination (Depths:1)
  A harpy (Shoals:2)
  A steelbarb worm (Spider:4)
  A deep elf pyromancer (Elf:2)
  A necromancer (Hell)
  A merfolk (Shoals:2)
  2 raiju (Abyss:3)
  An iron dragon simulacrum (Hell)
  A centaur simulacrum (Hell)
  5 golden eyes (Abyss:3)
  An orc warrior (D:9)
  3 killer bees (D:9)
  41 battlemagi
  A hell rat (Hell)
  A lurking horror (Abyss:3)
  A starspawn tentacle (Shoals:4)
  12 tentacles
81 creatures vanquished.

Grand Total: 2537 creatures vanquished

Notes
Turn   | Place    | Note
-------+----------+-------------------------------------------
     0 | D:1      | retardedninja the Coglin Fighter began the quest for the
                  | Orb.
     0 | D:1      | Reached XP level 1. HP: 18/18 MP: 1/1
   320 | D:1      | Reached XP level 2. HP: 24/24 MP: 2/2
   774 | D:2      | Reached XP level 3. HP: 17/29 MP: 3/3
   990 | D:2      | You fall into a shaft and drop 2 floors!
  1018 | D:3      | HP: 1/29 [orc/+0 hand axe (2)]
  1430 | D:2      | Reached XP level 4. HP: 15/37 MP: 4/4
  1619 | D:2      | Found Lifotu's Distillery.
  1907 | D:3      | Found a runed translucent door.
  1909 | D:3      | Noticed markshark's ghost (amateur MiBe)
  1964 | D:3      | Killed markshark's ghost
  1965 | D:3      | Reached skill level 4 in Fighting
  1965 | D:3      | Reached XP level 5. HP: 21/42 MP: 5/5
  2160 | D:3      | Found an opulent altar of Gozag.
  2160 | D:3      | Found a bloodstained altar of Trog.
  2180 | D:3      | Found a snail-covered altar of Cheibriados.
  2180 | D:3      | Found an ancient bone altar of Kikubaaqudgha.
  2241 | D:3      | Found an ornate altar of the Wu Jian Council.
  2275 | D:3      | Found a sacrificial altar of Ru.
  2921 | D:4      | Reached XP level 6. HP: 49/49 MP: 6/6
  2988 | D:4      | Noticed Edmund
  2997 | D:4      | Killed Edmund
  2998 | D:4      | Reached skill level 5 in Fighting
  3000 | D:4      | Reached XP level 7. HP: 27/56 MP: 7/7
  3133 | D:4      | Found a staircase to the Ecumenical Temple.
  3184 | Temple   | Entered the Ecumenical Temple
  3198 | Temple   | Became a worshipper of Hepliaklqana the Forgotten
  3285 | D:4      | Noticed Menkaure
  3293 | D:4      | Killed Menkaure
  3403 | D:4      | Reached skill level 6 in Fighting
  3492 | D:4      | Noticed Eustachio
  3498 | D:4      | Killed Eustachio
  3712 | D:4      | Reached skill level 5 in Armour
  3712 | D:4      | Reached XP level 8. HP: 12/65 MP: 8/8
  3797 | D:4      | Reached skill level 5 in Axes
  4138 | D:4      | Reached * piety under Hepliaklqana
  4146 | D:4      | Reached skill level 14 in Fighting
  4147 | D:4      | Reached XP level 9. HP: 78/78 MP: 9/9
  4198 | D:5      | Entered Level 5 of the Dungeon
  4606 | D:5      | Noticed Prince Ribbit
  4616 | D:5      | Killed Prince Ribbit
  4845 | D:5      | Noticed Grinder
  4857 | D:5      | Paralysed by Grinder for 4 turns
  4861 | D:5      | Killed Grinder
  5194 | D:6      | Noticed dogverified's ghost (novice OpSh)
  5302 | D:6      | Reached ** piety under Hepliaklqana
  5303 | D:6      | Remembered your ancestor austrian painter as a battlemage
  5311 | D:6      | Found a runed translucent gate.
  5489 | D:6      | Found a runed translucent gate.
  5489 | D:6      | Found a runed translucent gate.
  5834 | D:7      | Found a shimmering blue altar of Sif Muna.
  5853 | D:7      | Reached XP level 10. HP: 62/81 MP: 10/10
  7063 | D:6      | Reached XP level 11. HP: 90/90 MP: 11/11
  7120 | D:7      | Found a broken altar of Ashenzari.
  7223 | D:7      | Found a runed translucent door.
  7228 | D:7      | Found a basalt altar of Yredelemnul.
  7302 | D:7      | Found a runed translucent gate.
  7303 | D:7      | Found a runed translucent gate.
  7303 | D:7      | Noticed inkslinger's ghost (novice MfSh)
  7304 | D:7      | Found a roughly hewn altar of Beogh.
  7304 | D:7      | Found a runed translucent gate.
  7616 | D:8      | Found a staircase to the Lair.
  8007 | D:8      | Found the +3 Mad Mage's Maulers {Infuse+∞ VampMP -Cast}
  9190 | D:9      | Found a roughly hewn altar of Beogh.
  9190 | D:9      | Found a staircase to the Orcish Mines.
  9696 | D:9      | Killed a two-headed ogre
 10000 | D:9      | Found a shimmering altar of Xom.
 10624 | D:9      | Reached XP level 12. HP: 79/97 MP: 4/12
 10756 | D:9      | Found a hide-covered altar of Uskayaw.
 11011 | D:9      | Found a sparkling altar of Nemelex Xobeh.
 11634 | D:9      | Reached *** piety under Hepliaklqana
 11782 | D:9      | Noticed a two-headed ogre
 11785 | D:9      | Killed a two-headed ogre
 12118 | D:7      | Killed inkslinger's ghost
 12286 | Lair:1   | Entered Level 1 of the Lair of Beasts
 12335 | Lair:1   | Reached skill level 15 in Fighting
 13486 | Lair:1   | Found a runed translucent door.
 13486 | Lair:1   | Found a shimmering altar of Xom.
 13486 | Lair:1   | Noticed Acoak's ghost (journeyman DgEE)
 13883 | Lair:2   | Identified the +2 ring mail of the Poles {^Drain Will+
                  | Dex+4}
 14055 | Lair:2   | Reached **** piety under Hepliaklqana
 14100 | Lair:2   | Noticed a four-headed hydra
 14114 | Lair:2   | Killed an eight-headed hydra
 14390 | Lair:2   | Reached XP level 13. HP: 104/104 MP: 2/13
 14501 | Lair:2   | You are sucked into a shaft and drop 2 floors!
 15695 | Lair:2   | Reached ***** piety under Hepliaklqana
 16393 | D:10     | Entered Level 10 of the Dungeon
 16992 | D:10     | Found a glowing silver altar of Zin.
 17807 | D:11     | Reached skill level 16 in Fighting
 17921 | D:11     | Reached skill level 15 in Axes
 20301 | D:12     | Reached XP level 14. HP: 98/112 MP: 0/14
 20464 | D:12     | Acquired a NW-00 cryosamoflange {RevParry, rPois rF+ rCorr}
 21068 | D:13     | Identified the +1 falchion of Vanity {venom, rN+ SInv}
 21396 | D:13     | Reached skill level 1 in Invocations
 21693 | D:13     | Found a portal to a secret trove of treasure.
 21748 | D:13     | Found a transporter.
 21766 | D:13     | Found a transporter.
 21785 | D:13     | Found a transporter.
 21990 | D:13     | Found a transporter.
 22440 | D:14     | Reached skill level 10 in Armour
 23042 | Lair:3   | Found a hole to the Spider Nest.
 23356 | Lair:3   | Found a staircase to the Shoals.
 25204 | Lair:5   | Entered Level 5 of the Lair of Beasts
 25217 | Lair:5   | Reached XP level 15. HP: 119/119 MP: 1/18
 25282 | Lair:5   | Reached skill level 5 in Invocations
 25327 | Lair:5   | Reached skill level 17 in Fighting
 25787 | Lair:5   | Reached ****** piety under Hepliaklqana
 25826 | Lair:5   | Found a viscous altar of Jiyva.
 25826 | Lair:5   | Found a staircase to the Slime Pits.
 27896 | D:14     | Found Cheibriados's Comfort Zone.
 27896 | D:14     | Found a snail-covered altar of Cheibriados.
 27902 | D:14     | Bought a +10 plate armour of ponderousness for 650 gold
                  | pieces
 28021 | D:14     | Found a gate to the Vaults.
 28319 | D:15     | Entered Level 15 of the Dungeon
 28587 | D:15     | Upgraded the game from 0.32-a0-960-g3814254bd7 to
                  | 0.32-a0-961-gd60f5e5fc7
 29021 | D:15     | Reached XP level 16. HP: 116/126 MP: 1/21
 29128 | D:15     | Found a staircase to the Depths.
 30717 | Orc:1    | Entered Level 1 of the Orcish Mines
 30941 | Orc:2    | Entered Level 2 of the Orcish Mines
 30941 | Orc:2    | Noticed Snorg
 30945 | Orc:2    | Killed Snorg
 31491 | Orc:2    | Found Sykh's Jewellery Emporium.
 32002 | Orc:2    | Found a staircase to the Elven Halls.
 33025 | Orc:2    | Found Haklu's Assorted Antiques.
 33030 | Orc:2    | Found Cajoff's Weapon Boutique.
 33031 | Orc:2    | Found Isyjo's Antique Armour Shoppe.
 33041 | Orc:2    | Found Sumitoap's Magic Scroll Shop.
 33049 | Orc:2    | Bought a scroll of enchant armour for 120 gold pieces
 33049 | Orc:2    | Bought a scroll of blinking for 120 gold pieces
 33049 | Orc:2    | Bought a scroll of summoning for 152 gold pieces
 33698 | Shoals:1 | Entered Level 1 of the Shoals
 33808 | Shoals:1 | Found a shimmering blue altar of Sif Muna.
 34174 | Shoals:1 | Found a transporter.
 35353 | Shoals:1 | Found a transporter.
 35411 | Shoals:2 | Reached skill level 18 in Fighting
 35416 | Shoals:2 | Noticed a kraken
 36318 | Shoals:2 | Noticed Ilsuiw
 36329 | Shoals:2 | Killed Ilsuiw
 36922 | Shoals:2 | Reached XP level 17. HP: 104/134 MP: 0/24
 37627 | Shoals:2 | Killed a kraken
 37628 | Shoals:2 | Reached skill level 10 in Invocations
 39747 | Shoals:3 | Reached skill level 1 in Throwing
 40293 | Shoals:3 | Found Qonuketira's General Store.
 40608 | Shoals:3 | Bought a scroll of poison for 72 gold pieces
 40708 | Shoals:3 | Identified the serpent talisman of Fiutalops {Fly rF+}
 40708 | Shoals:3 | Noticed Aizul
 40715 | Shoals:3 | Killed Aizul
 42712 | Shoals:4 | Entered Level 4 of the Shoals
 44749 | Shoals:4 | Noticed Mlioglotl
 44751 | Shoals:4 | Noticed a tentacled starspawn
 44755 | Shoals:4 | Noticed a tentacled starspawn
 44756 | Shoals:4 | Killed Mlioglotl
 44762 | Shoals:4 | Found Paugupej's Vocational Training.
 45516 | Shoals:4 | Reached XP level 18. HP: 138/142 MP: 1/26
 45913 | Shoals:4 | Got a barnacled rune of Zot
 46543 | Spider:1 | Entered Level 1 of the Spider Nest
 49086 | Spider:2 | Reached skill level 5 in Throwing
 49265 | Spider:2 | Reached skill level 19 in Fighting
 51601 | Spider:3 | Noticed Nikola
 51615 | Spider:3 | Killed Nikola
 52327 | Spider:3 | Reached XP level 19. HP: 136/150 MP: 7/27
 52609 | Spider:4 | Entered Level 4 of the Spider Nest
 54419 | Spider:4 | Got a gossamer rune of Zot
 54678 | Spider:4 | Identified the +4 scimitar "Dawixiur" {flame, rC++ Will++
                  | Int-5}
 55035 | Vaults:1 | Entered Level 1 of the Vaults
 55355 | Vaults:1 | Reached skill level 10 in Throwing
 56401 | Vaults:1 | Found Ematibba's General Store.
 56409 | Vaults:1 | Bought a potion of curing for 48 gold pieces
 56434 | Vaults:1 | Reached skill level 1 in Dodging
 56447 | Vaults:1 | Reached skill level 20 in Fighting
 58292 | Vaults:1 | Reached XP level 20. HP: 155/158 MP: 8/28
 58935 | Vaults:2 | Reached skill level 15 in Armour
 59155 | Vaults:2 | Reached skill level 5 in Dodging
 59163 | Vaults:2 | Found a staircase to the Crypt.
 59372 | Vaults:2 | Noticed Jory
 59382 | Vaults:2 | Killed Jory
 62329 | Vaults:3 | You are sucked into a shaft and drop 1 floor!
 62984 | Vaults:3 | Reached XP level 21. HP: 148/165 MP: 3/29
 64127 | Vaults:3 | Reached skill level 21 in Fighting
 64570 | Vaults:3 | Identified the +1 robe of Vanity {-Tele rElec Int-5 Dex+7}
 65317 | Elf:1    | Entered Level 1 of the Elven Halls
 65601 | Elf:1    | Found a crumbling gateway.
 67942 | Elf:2    | Found a runed translucent gate.
 67942 | Elf:2    | Found a runed translucent gate.
 67942 | Elf:2    | Found a runed translucent gate.
 68669 | Elf:2    | Got Atzeff's Cyclopedia of Snow-white Anathema
 69581 | Elf:2    | Reached skill level 10 in Dodging
 70185 | Elf:3    | Entered Level 3 of the Elven Halls
 70699 | Elf:3    | Found an ancient bone altar of Kikubaaqudgha.
 70700 | Elf:3    | Noticed Donald
 70704 | Elf:3    | Killed Donald
 70965 | Elf:3    | Noticed Saint Roka
 70973 | Elf:3    | Killed Saint Roka
 72219 | Elf:3    | Gained mutation: Your body sometimes deteriorates upon
                  | taking damage. [a neqoxec]
 72790 | Elf:3    | Reached XP level 22. HP: 174/175 MP: 8/30
 72807 | Elf:3    | Identified the +2 mace of Togh {drain, rC+ Str+5}
 73621 | Elf:3    | Identified the staff of Terra Nullius {^Contam Fly rPois
                  | Int+2 Alchemy}
 73984 | Elf:3    | Identified the +4 pair of gloves "Duduuz" {rF+ MP+9}
 74113 | Elf:3    | Identified the +1 shortbow of Ybbokhlonn {drain, rElec
                  | Int+3 Stlth+}
 74680 | Depths:1 | Entered Level 1 of the Depths
 74684 | Depths:1 | Reached skill level 22 in Fighting
 76735 | Depths:1 | Found a gateway to Hell.
 76923 | Depths:1 | Identified the +3 lajatang "Zupsaac" {freeze, rElec rC-
                  | Dex+4}
 76923 | Depths:1 | Identified the +6 broad axe of Valour {speed, rElec rF+}
 76986 | Depths:1 | Found a faded altar of an unknown god.
 76987 | Depths:1 | Found a hazy altar of Hepliaklqana.
 77159 | Depths:1 | Found Hehiupn's Book Boutique.
 77160 | Depths:1 | Found Zaosonebbe's Jewellery Emporium.
 77160 | Depths:1 | Found Xaofikef's Jewellery Emporium.
 78602 | Abyss:3  | Cast into level 3 of the Abyss (spriggan defender)
 78845 | Abyss:3  | Found a corrupted altar of Lugonu.
 79017 | Abyss:3  | Found a corrupted altar of Lugonu.
 79080 | Abyss:3  | Found a corrupted altar of Lugonu.
 79080 | Abyss:3  | Found a corrupted altar of Lugonu.
 79109 | Abyss:3  | Gained mutation: Your flesh is cold resistant. (rC+) [a
                  | neqoxec]
 79231 | Abyss:3  | Noticed an ancient lich
 79249 | Depths:2 | Escaped the Abyss
 80152 | Depths:2 | Killed an ancient lich
 80153 | Depths:2 | Reached XP level 23. HP: 139/181 MP: 4/31
 80737 | Depths:2 | Found a radiant altar of Vehumet.
 81038 | Depths:2 | Found a one-way gate leading to the halls of Pandemonium.
 81805 | Depths:2 | Upgraded the game from 0.32-a0-961-gd60f5e5fc7 to
                  | 0.32-a0-975-g85d4e5bfdb
 82117 | Depths:3 | Identified the +0 chain mail of Philately {rPois Will++
                  | Int+2 Dex-4}
 82202 | Depths:3 | Found Nokiyl's Weapon Boutique.
 82223 | Depths:3 | Found a corrupted altar of Lugonu.
 82223 | Depths:3 | Found a one-way gate to the infinite horrors of the Abyss.
 82301 | Depths:3 | Reached skill level 23 in Fighting
 82985 | Depths:3 | Found a one-way gateway to a ziggurat.
 83273 | Depths:3 | Found Dutipn Zole's Antique Armour Emporium.
 83367 | Depths:3 | Found Anoante's Antique Weapon Boutique.
 83575 | Depths:3 | Found a blossoming altar of Fedhas.
 84177 | Depths:3 | Paralysed by a vampire knight for 5 turns
 84183 | Depths:3 | Identified the +2 glaive "Getor" {pain, *Corrode rElec
                  | Str+2 SInv}
 84193 | Depths:3 | Noticed a caustic shrike
 84196 | Depths:3 | Killed a caustic shrike
 84199 | Depths:3 | Identified the +7 mace of the Crawling Thing {freeze, rF-
                  | Str+3 Int+4}
 84839 | Depths:3 | Found a runed translucent door.
 84845 | Depths:3 | Found a runed translucent door.
 84846 | Depths:3 | Found a runed translucent door.
 84846 | Depths:3 | Noticed a golden dragon
 84850 | Depths:3 | Noticed a juggernaut
 84892 | Depths:3 | Got Sif Muna's Essays on Incendiary Turbulence
 84895 | Depths:3 | Identified the staff of the Modern Ultimatums {rElec rPois
                  | rF+ Fire Ice Earth}
 84981 | Depths:4 | Entered Level 4 of the Depths
 84993 | Depths:4 | Noticed a golden dragon
 85245 | Depths:4 | Killed a golden dragon
 85899 | Depths:4 | Reached XP level 24. HP: 127/194 MP: 5/31
 86263 | Depths:4 | Found a gate to the Realm of Zot.
 86422 | Depths:4 | Noticed a juggernaut
 86425 | Depths:4 | Killed a juggernaut
 86788 | Depths:4 | Found a basalt altar of Yredelemnul.
 87373 | Depths:4 | Noticed Parghit
 87380 | Depths:4 | Killed Parghit
 88167 | Vaults:4 | Identified the orb of Usucal {*channel, Harm}
 88167 | Vaults:4 | Noticed Frederick
 88173 | Vaults:4 | Killed Frederick
 88375 | Vaults:4 | Reached skill level 24 in Fighting
 89440 | Vaults:4 | Identified the +4 robe "Ciebuple" {Int+2 Archmagi}
 89440 | Vaults:4 | Noticed Boris
 89453 | Vaults:4 | Killed Boris
 90015 | Vaults:4 | Noticed Bai Suzhen
 90027 | Vaults:4 | Killed Bai Suzhen
 91013 | Crypt:1  | Entered Level 1 of the Crypt
 91371 | Crypt:1  | Noticed Margery
 91391 | Crypt:1  | Killed Margery
 94358 | Crypt:1  | Reached XP level 25. HP: 180/180 MP: 31/31
 94359 | Crypt:1  | Reached skill level 25 in Fighting
 94359 | Crypt:1  | Reached XP level 26. HP: 188/188 MP: 31/31
 94591 | Crypt:2  | Reached XP level 27. HP: 177/195 MP: 1/31
 94762 | Crypt:2  | Found a basalt altar of Yredelemnul.
 95377 | Crypt:3  | Entered Level 3 of the Crypt
 95511 | Crypt:2  | Lost mutation: Your flesh is cold resistant. (rC+) [potion
                  | of mutation]
 95511 | Crypt:2  | Lost mutation: Your body sometimes deteriorates upon taking
                  | damage. [potion of mutation]
 95511 | Crypt:2  | Gained mutation: You passively map a small area around you.
                  | [potion of mutation]
 95511 | Crypt:2  | Gained mutation: You are strong-willed. (Will+) [potion of
                  | mutation]
 95792 | Crypt:3  | Identified the +4 robe of Panentheism {rPois rCorr}
 95792 | Crypt:3  | Noticed Boris
 95802 | Crypt:3  | Killed Boris
 95849 | Crypt:3  | Found an ancient bone altar of Kikubaaqudgha.
 97021 | Crypt:3  | Identified a scroll of acquirement
 97044 | Crypt:3  | Acquired 903 gold pieces
 97093 | Crypt:3  | Found a staircase to the Tomb.
 97243 | Crypt:3  | Identified the staff of Interdependent Arising {rN+ Str+5
                  | Int-3 Dex-5 SInv Necro}
 97284 | Crypt:3  | Reached skill level 26 in Fighting
 97623 | Crypt:3  | Identified the +10 war axe of Kostraerau {flame, Dex+3
                  | Stlth+}
 97624 | Crypt:3  | Identified the +0 chain mail "Wuzufuv" {rC+}
 97938 | Crypt:3  | Identified the +2 ring mail "Pucexkib" {rN++}
 98116 | Crypt:3  | Identified the +3 scimitar "Adiczec" {venom, rF+ Int+5
                  | Dex+4}
 98698 | Hell     | Entered the Vestibule of Hell
 98698 | Hell     | Noticed Geryon
 98707 | Hell     | Killed Geryon
100499 | Hell     | Found a gateway to the ashen valley of Gehenna.
101410 | Hell     | Found a gateway to the Iron City of Dis.
101692 | Hell     | Found a gateway to the freezing wastes of Cocytus.
102267 | Hell     | Found a gateway to the decaying netherworld of Tartarus.
102894 | Slime:1  | Entered Level 1 of the Pits of Slime
102904 | Slime:1  | Paralysed by a formless jellyfish for 1 turns
103172 | Slime:1  | Paralysed by a formless jellyfish for 1 turns
103583 | Slime:1  | You are sucked into a shaft and drop 1 floor!
103604 | Slime:2  | Gained mutation: You sometimes lose your temper in combat.
                  | [a shining eye]
103607 | Slime:2  | Gained mutation: You do not regenerate when monsters are
                  | visible. [a shining eye]
103840 | Slime:1  | Lost mutation: You do not regenerate when monsters are
                  | visible. [potion of mutation]
103840 | Slime:1  | Lost mutation: You passively map a small area around you.
                  | [potion of mutation]
103840 | Slime:1  | Lost mutation: You sometimes lose your temper in combat.
                  | [potion of mutation]
103840 | Slime:1  | Gained mutation: You are weak. (Str -2) [potion of
                  | mutation]
103840 | Slime:1  | Gained mutation: You occasionally shout uncontrollably at
                  | your foes. [potion of mutation]
103841 | Slime:1  | Lost mutation: You are strong-willed. (Will+) [potion of
                  | mutation]
103841 | Slime:1  | Lost mutation: You are weak. (Str -2) [potion of mutation]
103841 | Slime:1  | Gained mutation: You are frail. (-10% HP) [potion of
                  | mutation]
103841 | Slime:1  | Gained mutation: You are vulnerable to heat. (rF-) [potion
                  | of mutation]
103841 | Slime:1  | Gained mutation: Your muscles are strong. (Str +4, Int/Dex
                  | -1) [potion of mutation]
103842 | Slime:1  | Lost mutation: You are frail. (-10% HP) [potion of
                  | mutation]
103842 | Slime:1  | Lost mutation: Your muscles are strong. (Str +4, Int/Dex
                  | -1) [potion of mutation]
103842 | Slime:1  | Lost mutation: You are vulnerable to heat. (rF-) [potion of
                  | mutation]
103842 | Slime:1  | Gained mutation: You expend magic power (3 MP) to
                  | strengthen your wands. [potion of mutation]
103842 | Slime:1  | Gained mutation: You are clumsy. (Dex -2) [potion of
                  | mutation]
103842 | Slime:1  | Gained mutation: Your magical capacity is low. (-10% MP)
                  | [potion of mutation]
103842 | Slime:1  | Gained mutation: Your flesh is cold resistant. (rC+)
                  | [potion of mutation]
103843 | Slime:1  | Lost mutation: You occasionally shout uncontrollably at
                  | your foes. [potion of mutation]
103843 | Slime:1  | Lost mutation: Your magical capacity is low. (-10% MP)
                  | [potion of mutation]
105045 | Slime:3  | Gained mutation: You are covered in fur. (AC +1) [a shining
                  | eye]
105827 | Slime:3  | Reached skill level 27 in Fighting
106347 | Slime:5  | Entered Level 5 of the Pits of Slime
106372 | Slime:5  | Paralysed by a formless jellyfish for 1 turns
106939 | Slime:5  | Found a viscous altar of Jiyva.
106940 | Slime:5  | Noticed the Royal Jelly
106970 | Slime:5  | Killed the Royal Jelly
107576 | Slime:5  | Reached skill level 15 in Throwing
108129 | Slime:5  | Identified the +1 scale mail of the Thistle {Int+3}
108156 | Slime:5  | Identified the +6 mace of Crystal {holy, Str+5 Stlth-}
108190 | Slime:5  | Got a slimy rune of Zot
108203 | Slime:5  | Identified the amulet of the Evening {rC++ RegenMP+}
109246 | Zot:1    | Entered Level 1 of the Realm of Zot
110149 | Zot:1    | Noticed an orb of fire
110150 | Zot:1    | Gained mutation: You possess an exceptional clarity of
                  | mind. [an orb of fire]
110153 | Zot:1    | Killed an orb of fire
112082 | Zot:2    | Noticed Vv
112321 | Zot:2    | Killed Vv
112399 | Zot:2    | Noticed an orb of fire
112404 | Zot:2    | Gained mutation: You are partially covered in large bone
                  | plates. (SH +4) [an orb of fire]
112408 | Zot:2    | Killed an orb of fire
114503 | Zot:2    | Found an iron altar of Okawaru.
115758 | Zot:3    | Found a shimmering altar of Xom.
115763 | Zot:3    | Found a shimmering altar of Xom.
115764 | Zot:3    | Found a shimmering altar of Xom.
115764 | Zot:3    | Found a glowing silver altar of Zin.
115770 | Zot:3    | Found a shimmering altar of Xom.
116671 | Zot:3    | Noticed an orb of fire
116682 | Zot:3    | Killed an orb of fire
119284 | Zot:5    | Entered Level 5 of the Realm of Zot
120476 | Zot:5    | Noticed a dread lich
120479 | Zot:5    | Killed a dread lich
120831 | Zot:5    | Noticed an ancient lich
120833 | Zot:5    | Noticed an ancient lich
120834 | Zot:5    | Noticed an orb of fire
120838 | Zot:5    | Killed an ancient lich
120840 | Zot:5    | Killed an orb of fire
120842 | Zot:5    | Killed an ancient lich
121152 | Zot:5    | Noticed an orb of fire
121153 | Zot:5    | Noticed a dread lich
121154 | Zot:5    | Noticed a dread lich
121154 | Zot:5    | Noticed an ancient lich
121159 | Zot:5    | Killed an orb of fire
121174 | Zot:5    | Killed a dread lich
121177 | Zot:5    | Noticed a dread lich
121179 | Zot:5    | Killed a dread lich
121183 | Zot:5    | Killed an ancient lich
121441 | Zot:5    | Killed a dread lich
121452 | Zot:5    | Noticed an ancient lich
121458 | Zot:5    | Killed an ancient lich
121471 | Zot:5    | Noticed an ancient lich
121495 | Zot:5    | Killed an ancient lich
121735 | Zot:5    | Got the Orb of Zot
121918 | Depths:3 | Noticed Ipnic the pandemonium lord
121989 | Depths:1 | Noticed Sangeeto the pandemonium lord
121990 | Depths:1 | Gained mutation: Armour fits poorly on your strangely
                  | shaped body. [a cacodemon]
122214 | D:7      | Noticed Hanu the pandemonium lord
122370 | D:$      | Escaped with the Orb!

Illustrated notes

Levels and vault maps discovered:
D:1:      wander_arrival_abandoned_jail, layout_basic
D:2:      minmay_door_path, layout_rooms, serial_shops,
          nicolae_shop_temple_entry_statues_fountains, minmay_pentomino_t4
D:3:      layout_basic, lemuel_crystal_altar, amcnicky_altar_gilded,
          grunt_temple_overflow_open, ebering_ghost_sewer_d, nrook_uturn
D:4:      layout_gridville, minmay_temple_entry_butterflies, uniq_edmund,
          uniq_eustachio, uniq_menkaure
D:5:      layout_gridville, uniq_prince_ribbit1, uniq_grinder
D:6:      layout_basic, gammafunk_ghost_icy
D:7:      layout_basic, nicolae_sif_muna_condensation, dk_yredelemnul_ordeal,
          mainiacjoe_overflow_chevrons, biasface_ghost_orc_armoury
D:8:      layout_loops_ring, david_lair_shrubbed
D:9:      layout_basic, mainiacjoe_overflow_tiny_flanked, lemuel_round_altar,
          xom_confusion_cloud, david_orc_5, enter_bailey_3
D:10:     minmay_chambers_of_sixes, layout_basic, zin_statuary
D:11:     layout_gridville
D:12:     layout_layer_cave
D:13:     layout_layer_cave, enter_trove_3, nicolae_diode_intersection
D:14:     layout_loops_ring, hellmonk_vaults_attempted_burglary,
          minmay_shop_chei, minmay_between
D:15:     grunt_enter_depths_magical_seal, layout_long_grid,
          chequers_serial_rivers_room_a, minmay_fractal_squares_gapless_5
Temple:   hellmonk_temple_rainy
Lair:1:   layout_cellular_growth, ebering_ghost_xom, minivault_19,
          nicolae_lair_lindhole
Lair:2:   layout_regular_city, grunt_megastairs_4, lemuel_fruit_fields
Lair:3:   layout_chaotic_city, shoals_dummy_entry,
          nicolae_spider_entry_orb_guardian, enter_volcano_4,
          dreamdust_mushroom_princess
Lair:4:   layout_gridlike
Lair:5:   minmay_lair_end_frog_pond, layout_loops_ring, slime_entry_1,
          minmay_lindwurm_lava
Shoals:1: gammafunk_sealed_arena, layout_shoals, lemuel_oklob_altar
Shoals:2: layout_shoals, uniq_ilsuiw
Shoals:3: layout_shoals, serial_shops, nicolae_shop_waterfront, uniq_aizul
Shoals:4: shoals_end_hangedman, layout_shoals, nicolae_shop_vocational,
          uniq_mlioglotl
Spider:1: layout_spider_delve
Spider:2: layout_cave_pods
Spider:3: layout_spider_delve, uniq_nikola
Spider:4: hellmonk_spider_rune_endless_swarm
Slime:1:  layout_caves
Slime:2:  layout_caves
Slime:3:  layout_caves, cheibrodos_slime_lost_civilization_6
Slime:4:  layout_caves
Slime:5:  slime_pit
Orc:1:    layout_caves
Orc:2:    st_orc_open, layout_caves, serial_shops,
          nicolae_shop_pleasant_corner_grove, gauntlet_entry_generic,
          nicolae_orc_tapped_out, uniq_snorg
Elf:1:    eino_elf_arrival_shootout, layout_geoelf_octagon,
          portal_desolation_entry_salt, kilobyte_rumbling_trees,
          minmay_misc_feat_cross
Elf:2:    nicolae_elf_blades_splatter_lattice
          [nicolae_blade_entry_area_security], layout_geoelf_diagonals,
          columned_hall_lemuel
Elf:3:    grunt_elf_hall_asides, layout_geoelf_castle, basic_altar,
          uniq_saint_roka, uniq_donald
Vaults:1: vaults_standard_mumra_x, ontoclasm_vaults_loading_screen,
          nicolae_vaults_big_ls, vaults_dpeg_doors, nicolae_vaults_shelves_hall,
          grunt_vaults_twisty, nicolae_vaults_mitosis,
          nicolae_vaults_shelves_hall, nicolae_vaults_heart-shaped_vault,
          nicolae_vaults_quartermaster, nicolae_vaults_house_3,
          nicolae_vaults_little_squares_3, layout_vaults_omnibox, serial_shops,
          shop_statue
Vaults:2: nicolae_vaults_six-pack, v_misc_29, v_pattern_3,
          minmay_crypt_entry_skeletal_spiral, hangedman_vaults_corner_blocks,
          nicolae_vaults_sesquioval_fish, nicolae_vaults_surprise_closet,
          serial_ice_h, vaults_room_hallway, ontoclasm_vaults_idyll,
          nicolae_vaults_border_crossing, layout_vaults_omnigrid, uniq_jory
Vaults:3: nicolae_vaults_wrenched, nicolae_vaults_trapezoid_2,
          hangedman_vaults_nodes, nicolae_vaults_trapezoid_lopsided_4,
          nicolae_vaults_network_quinsquares
          [nicolae_vaults_network_quincunx_subvault,
          nicolae_vaults_network_quincunx_subvault,
          nicolae_vaults_network_quincunx_subvault,
          nicolae_vaults_network_quincunx_subvault],
          nicolae_vaults_storage_closets_3, vaults_mumra_minichess,
          layout_vaults_big_room
Vaults:4: nicolae_vaults_sesquioval_fish, nicolae_vaults_closet_pinwheel_2,
          grunt_vaults_funnel, nicolae_vaults_three_branches,
          nicolae_vaults_closet_pinwheel_4, nicolae_vaults_door_testing_chamber,
          nicolae_vaults_crenellated_ambush, vaults_room_pools,
          vaults_room_door_ring, nicolae_vaults_tetromino_T_1,
          nicolae_vaults_double_plus_3, layout_vaults_maze_bifur,
          uniq_frederick, uniq_bai_suzhen, uniq_boris
Crypt:1:  layout_gridlike, uniq_margery
Crypt:2:  lemuel_vampire_tower, layout_rooms, serial_glass, glass_columns_b,
          glass_columns_a, glass_columns_a, glass_columns_a
Crypt:3:  grunt_crypt_end_deaths_head
Depths:1: layout_gridlike, lightli_too_deep, minmay_stone_trees_medium,
          drop_trap, beargit_hepliaklqana_dungeon_heroes, grunt_megastairs_5,
          minmay_shop_grove
Depths:2: thingy_vault, layout_long_grid, hell_entry, pan_entry,
          fiery_altar_vehumet
Depths:3: minmay_the_grid_triangle_9x9_recursive_3_mashed
          [minmay_the_grid_triangle_9x9_negative_grid,
          minmay_the_grid_triangle_9x9_thin_v,
          minmay_the_grid_triangle_9x9_tough_junction,
          minmay_the_grid_triangle_9x9_prize_insulated,
          minmay_the_grid_triangle_9x9_zippers_vertical,
          minmay_the_grid_triangle_9x9_descending_squares,
          minmay_the_grid_triangle_9x9_semitri,
          minmay_the_grid_triangle_9x9_shrine,
          minmay_the_grid_triangle_9x9_subtriangle], layout_cave_shapes,
          enter_ziggurat_e, pf_hell_entry_tar_river, rand_demon_pan_entry_1,
          abyss_entry_flame_altar, nicolae_figureground_sparkle, serial_shops,
          shop, nicolae_square_shop, nicolae_shop_rolling_square,
          hangedman_decor_clover_reticule
Depths:4: evilmike_zot_entry_diamond, layout_gridlike,
          minmay_misc_feat_secret_circle, grunt_hell_entry_dis_grunt,
          abyss_entry, nicolae_yredelemnul_corpse_copse, uniq_parghit
Hell
Zot:1:    layout_gridlike, regret_index_zotdec_fiery_em
Zot:2:    layout_gridlike, regret_index_zotdec_icy_dp,
          regret_index_zotdec_misc_clamp, uniq_vv
Zot:3:    dreamdust_zin_vs_xom, layout_concentric_octagons, bh_zot_ikea_curve,
          hangedman_hellfire_club
Zot:4:    layout_basic, regret_index_zotdec_onion_hex, skrybe_zot_glass_2
Zot:5:    layout_onion, grunt_ministairs_13

Skill      XL: |  1  2  3  4  5  6  7  8  9 10 11 12 13 14 15 16 17 18 19 20 21 22 23 24 25 26 27 |
---------------+----------------------------------------------------------------------------------+-----
Armour         | 3 4 5 6 8 9 10 11 12 13 14 15 16 17 18 23 | 23.8
Fighting       | 4 5 6 14 15 16 17 18 19 20 21 22 23 24 25 27 | 27.0
Axes           | 3 4 5 6 11 12 13 15 16 17 18 19 20 21 | 21.8
Invocations    | 4 7 9 11 | 11.5
Throwing       | 3 8 10 11 12 20 | 20.1
Dodging        | 4 8 10 12 | 12.2
Shields        | |  2.2

Action                     |  1- 3 |  4- 6 |  7- 9 | 10-12 | 13-15 | 16-18 | 19-21 | 22-24 | 25-27 || total
---------------------------+-------+-------+-------+-------+-------+-------+-------+-------+-------++-------
  Melee: War axe           |    77 |    78 |   186 |   358 |   645 |   834 |   922 |   439 |       ||  3539
         Dagger            |    33 |    29 |       |       |       |       |       |       |       ||    62
         Unarmed           |       |       |     3 |       |       |       |     3 |       |       ||     6
         Broad axe         |       |       |       |       |       |       |       |   570 |  1239 ||  1809
  Throw: Javelin           |       |       |     1 |       |       |     5 |       |     3 |    12 ||    21
 Invoke: Ancestor Identity |       |       |     1 |       |       |       |       |       |     1 ||     2
         Ancestor Life: Ba |       |       |     1 |       |       |       |       |       |       ||     1
         Recall Ancestor   |       |       |       |     2 |     1 |     4 |     3 |     6 |     8 ||    24
         Idealise          |       |       |       |       |       |     5 |     5 |     6 |     6 ||    22
Ability: Invent Gizmo      |       |       |       |       |     1 |       |       |       |       ||     1
         Breathe Fire      |       |       |       |       |       |       |       |     1 |       ||     1
  Evoke: Wand              |       |       |       |     1 |     4 |     8 |       |     7 |     4 ||    24
         Phantom mirror    |       |       |       |       |       |     2 |     2 |       |       ||     4
         Box of beasts     |       |       |       |       |       |     1 |     3 |       |       ||     4
    Use: Potion            |     1 |     2 |     3 |     5 |     1 |    11 |    10 |    10 |    21 ||    64
         Scroll            |       |     7 |     3 |    13 |    17 |    12 |    11 |    10 |    19 ||    92
   Stab: Distracted        |       |       |       |     3 |     8 |    12 |    13 |    19 |    13 ||    68
         Invisible         |       |       |       |       |     4 |       |       |     1 |       ||     5
 Armour: Scale mail        |    77 |    54 |    41 |       |       |       |       |       |       ||   172
         Chain mail        |       |       |    64 |   140 |       |       |       |       |       ||   204
         Skin              |       |       |     1 |       |       |       |     2 |       |       ||     3
         Plate armour      |       |       |       |    82 |   441 |   910 |   719 |   561 |       ||  2713
         Gold dragon scale |       |       |       |       |       |       |       |   246 |  1212 ||  1458
  Dodge: Dodged            |    42 |    35 |    46 |   107 |    90 |   204 |   235 |   291 |   380 ||  1430
  Block: Buckler           |     4 |       |       |       |       |       |       |       |       ||     4
         Other             |       |       |       |       |       |       |       |       |    43 ||    43
         Form:             |       |       |       |       |       |     1 |     1 |     1 |       ||     3
         Serpent           |       |       |       |       |       |     1 |     1 |       |       ||     2
         Dragon            |       |       |       |       |       |       |       |     1 |       ||     1

Table legend: (Time is in decaauts)
 A = Elapsed time spent in this place.
 B = Non-inter-level travel time spent in this place.
 C = Inter-level travel time spent in this place.
 D = Time resting spent in this place.
 E = Time spent auto-exploring this place.
 F = Levels seen in this place.
 G = Mean time per level.
                   A        B        C        D        E       F      G
               +--------+--------+--------+--------+--------+-----+--------+
         Total | 123873 | 115672 |   8201 |  31391 |  71596 |  57 | 2173.2 |
       Dungeon |  24803 |  21343 |   3460 |   3345 |  15588 |  15 | 1653.5 |
        Temple |     28 |     15 |     13 |      0 |      0 |   1 |   28.0 |
          Lair |   8999 |   7882 |   1117 |    599 |   6506 |   5 | 1799.8 |
        Shoals |  13304 |  12968 |    336 |   5387 |   6454 |   4 | 3326.0 |
   Spider Nest |   7576 |   7375 |    201 |   1094 |   5446 |   4 | 1894.0 |
    Slime Pits |   5509 |   5358 |    151 |   1846 |   2870 |   5 | 1101.8 |
  Orcish Mines |   2997 |   2776 |    221 |    283 |   2176 |   2 | 1498.5 |
   Elven Halls |   9463 |   8666 |    797 |   2664 |   4914 |   3 | 3154.3 |
        Vaults |  13507 |  12765 |    742 |   3005 |   8586 |   4 | 3376.8 |
         Crypt |   7373 |   7229 |    144 |   2489 |   3818 |   3 | 2457.7 |
        Depths |  15348 |  14566 |    782 |   6378 |   6995 |   4 | 3837.0 |
          Hell |   1735 |   1715 |     20 |   1057 |    445 |   1 | 1735.0 |
           Zot |  12571 |  12360 |    211 |   3230 |   7451 |   5 | 2514.2 |
         Abyss |    654 |    654 |      0 |     12 |    342 |   1 |  654.0 |
               +--------+--------+--------+--------+--------+-----+--------+

Top non-repeatable levels by time:
Depths:1: 5701 daAuts
   Elf:3: 4405 daAuts
Shoals:3: 4249 daAuts
Vaults:1: 4065 daAuts
Vaults:2: 3966 daAuts
Depths:3: 3699 daAuts
Shoals:2: 3681 daAuts
Depths:2: 3600 daAuts
Vaults:4: 3436 daAuts
   Zot:1: 3361 daAuts
Shoals:4: 3224 daAuts
   Zot:3: 3190 daAuts
 Crypt:1: 3150 daAuts
 Crypt:3: 2954 daAuts
     D:9: 2624 daAuts
